AoeStats
← gustebrius

Arabia

509986744Analyzed
1v1 RM · 4d ago on Sep 28, 2026· 63m 8s· 2 players
Game mode
Random Map
Map size
Tiny (2 player)
Population
200
Speed
Normal
Resources
Standard
Victory
Conquest
Starting age
Dark Age
Ending age
Imperial Age
RankedLock teamsTeams togetherTeam positionsShared explorationLock speedFull tech treeHidden civsTurbo modeCheats
Victory
Defeat
🇨🇱 Franks · Chile
810
+15
🇫🇷 Mapuche · France
797
-15
Avelio
7:52 Loom
10:49 Feudal Age
12:14 Double-Bit Axe
12:19 Gold Mining
13:19 Scale Mail Armor
13:29 Forging
12:59 Champi Runner
15:09 Wheelbarrow
14:19 Town Watch
27:25 Castle Age
27:03 Stone Mining
26:54 Horse Collar
27:31 Pikeman
29:43 Chain Mail Armor
30:03 Iron Casting
32:20 Bow Saw
41:34 Murder Holes
44:11 Masonry
45:07 Treadmill Crane
45:48 Ballistics
52:57 Imperial Age
54:36 Gold Shaft Mining
54:36 Stone Shaft Mining
54:02 Heavy Plow
gustebrius
8:29 Loom
11:05 Feudal Age
12:41 Double-Bit Axe
13:38 Wheelbarrow
17:02 Forging
20:39 Scale Barding Armor
24:59 Castle Age
25:48 Husbandry
27:11 Iron Casting
27:42 Bow Saw
32:32 Chain Barding Armor
33:58 Wheelbarrow
42:48 Fletching
44:59 Scale Mail Armor
46:42 Hand Cart
46:13 Town Watch
53:24 Imperial Age
54:39 Cavalier
57:23 Plate Barding Armor
60:41 Paladin
63:15 Blast Furnace
62:31 Chain Mail Armor
Connection lost

Rejoining the realm…

Still unreachable

The connection could not be restored.

Session expired

The server has moved on; the page needs a fresh start.